AoeStats
← EL GORDO VALOR

Nomad

510013549Analyzed
3v3 RM · 4d ago on Sep 29, 2026· 33m 50s· 6 players
Game mode
Random Map
Map size
210×210
Population
200
Speed
Normal
Resources
Standard
Victory
Conquest
Starting age
Dark Age
Ending age
Imperial Age
RankedLock teamsTeams togetherTeam positionsShared explorationLock speedFull tech treeHidden civsTurbo modeCheats
Victory
Defeat
🇧🇷 Portuguese · Brazil
1387
+17
🇵🇪 Malay · Peru
1368
+18
🇺🇸 Wu · United States
1337
+19
🇦🇷 Khmer · Argentina
1407
-18
🇦🇷 Gurjaras · Argentina
1406
-18
🇦🇷 Wei · Argentina
1400
-18
Muniz
5:31 Loom
12:45 Feudal Age
18:32 Castle Age
17:00 Double-Bit Axe
19:27 Bow Saw
21:22 Scale Barding Armor
22:09 Medium Warships
22:10 Husbandry
22:07 Fishing Lines
23:22 Bloodlines
24:31 Fletching
26:49 Forging
29:28 Horse Collar
31:22 Chain Barding Armor
32:04 Gold Mining
32:04 Stone Mining
33:08 Iron Casting
Diheadwarlord
3:42 Loom
12:48 Feudal Age
16:40 Castle Age
20:44 Fletching
20:55 Padded Archer Armor
21:35 Double-Bit Axe
22:55 Bow Saw
24:09 Wheelbarrow
26:42 Bodkin Arrow
29:30 Ballistics
31:14 Fishing Lines
32:08 Leather Archer Armor
Comend x comend
5:43 Loom
10:59 Loom
13:36 Feudal Age
18:51 Castle Age
17:52 Double-Bit Axe
22:50 Crossbowman
25:34 Gold Mining
30:06 Bow Saw
31:20 Horse Collar
32:59 Wheelbarrow
32:58 Heavy Plow
33:23 Town Watch
Uas Qui Tah
5:13 Loom
13:32 Feudal Age
17:18 Castle Age
15:36 Double-Bit Axe
16:26 Fishing Lines
20:07 Town Watch
20:36 Bow Saw
24:10 Bloodlines
23:55 Light Cavalry
Llambitos Hope
5:11 Loom
14:12 Feudal Age
22:54 Wheelbarrow
25:16 Castle Age
23:32 Double-Bit Axe
23:51 Horse Collar
24:37 Scale Barding Armor
24:32 Gold Mining
25:04 Bloodlines
25:28 Forging
26:35 Chain Barding Armor
34:03 Iron Casting
EL GORDO VALOR
13:02 Feudal Age
17:26 Castle Age
15:34 Scale Barding Armor
18:09 Forging
19:37 Double-Bit Axe
20:58 Fletching
21:12 Elite Skirmisher
22:33 Padded Archer Armor
23:17 Bloodlines
27:12 Fletching
29:45 Leather Archer Armor
30:43 Bow Saw
30:25 Gold Mining
30:21 Horse Collar
31:10 Loom
32:05 Wheelbarrow
32:26 Bodkin Arrow
32:49 Heavy Plow
Connection lost

Rejoining the realm…

Still unreachable

The connection could not be restored.

Session expired

The server has moved on; the page needs a fresh start.